 Dungeon Crawl Stone Soup version 0.22.1-2-g9c5b331 (webtiles) character file.

1114670 delarado the Archmage (level 27, -13/185 HPs)
             Began as a Deep Elf Fire Elementalist on Nov 7, 2018.
             Was the Champion of Vehumet.
             Killed by dispel undead
             ... invoked by a Tzitzimitl
              (64 damage)
             ... in Pandemonium on Dec 10, 2018.
             The game lasted 1 day 00:20:32 (160250 turns).

delarado the Archmage (DEFE)                  Turns: 160250, Time: 1 , 00:20:33

Health: -13/185    AC: 25    Str:  8    XL:     27
Magic:  29/60      EV: 35    Int: 50    God:    Vehumet [******]
Gold:   4678       SH:  9    Dex: 19    Spells: 0/80 levels left

rFire    + + .     SeeInvis +   E - staff of fire
rCold    + + .     Gourm    .   q - +3 buckler {reflect}
rNeg     + + +     Faith    .   Y - +2 robe {Archmagi}
rPois    ∞         Spirit   .   U - +3 hat of Pondering {ponderous, MR+ MP+10 Int+5}
rElec    +         Reflect  +   Q - scarf {rC+ rF+}
rCorr    .         Harm     .   K - +1 pair of gloves {Dex+3}
MR       +++++                  L - +2 pair of boots {Fly}
Stlth    ++++++....             N - amulet "Aqeuric" {Acrobat MR+ Str+3}
HPRegen  0.40/turn              k - ring "Mawkoll" {rElec rPois Int+2 SInv}
MPRegen  0.37/turn              n - ring "Riasaew" {MR+ AC+5 Int+10}

@: lich-form, studying Bows, deflect missiles, slow
A: low mp 1, sense surroundings 1, shaggy fur 2, electricity resistance,
MP-powered wands
}: 10/15 runes: decaying, serpentine, slimy, silver, abyssal, demonic, glowing,
magical, fiery, dark
a: End Transformation, Renounce Religion, Evoke Flight


You were in Pandemonium.
You worshipped Vehumet.
Vehumet was exalted by your worship.
You were not hungry.
You were a lich.
You visited 13 branches of the dungeon, and saw 58 of its levels.
You visited Pandemonium 2 times, and saw 18 of its levels.
You visited the Abyss 5 times.
You also visited: Sewer.

You collected 9413 gold pieces.
You spent 4735 gold pieces at shops.

Inventory:

Hand Weapons
 P - the +6 sword of Cerebov {flame}
   (You took it off Cerebov in Pandemonium)

   It has been specially enchanted to burn those struck by it, causing extra
   injury to most foes and up to half again as much damage against particularly
   susceptible opponents.
   Big, fiery blades are also staple armaments of hydra-hunters.
Missiles
 a - 89 bolts
Armour
 q - a +3 buckler of reflection (worn)
 K - a +1 pair of gloves of dexterity (worn)
 L - a +2 pair of boots of flying (worn)
 Q - a scarf of resistance (worn)
 U - the +3 hat of Pondering (worn) {ponderous, MR+ MP+10 Int+5}
   (You took it off Gastronok on level 10 of the Dungeon)

   It affects your intelligence (+5).
   It affects your resistance to hostile enchantments.
   It affects your magic capacity (+10).
 Y - a +2 robe of the Archmagi (worn)
Magical Staves
 E - an uncursed staff of fire (weapon)
Jewellery
 k - the ring "Mawkoll" (left hand) {rElec rPois Int+2 SInv}
   (You found it on level 3 of the Crypt)

   [ring of see invisible]

   It affects your intelligence (+2).
   It insulates you from electricity.
   It protects you from poison.
   It lets you see invisible.
 n - the ring "Riasaew" (right hand) {MR+ AC+5 Int+10}
   (You took it off a yaktaur captain on level 5 of the Vaults)

   [ring of protection]

   It affects your AC (+5).
   It affects your intelligence (+10).
   It affects your resistance to hostile enchantments.
 t - the ring of Fazxao {+Fly rElec rPois rF+ rN+}
   (You took it off a corrupter in Pandemonium)

   [ring of flight]

   It protects you from fire.
   It insulates you from electricity.
   It protects you from poison.
   It protects you from negative energy.
   It lets you fly.
 C - an uncursed ring of fire
 N - the amulet "Aqeuric" (around neck) {Acrobat MR+ Str+3}
   (You acquired it on level 9 of the Dungeon)

   [amulet of the acrobat]

   It helps you evade while moving and waiting.
   It affects your strength (+3).
   It affects your resistance to hostile enchantments.
 S - an uncursed ring of protection from cold
 V - an uncursed ring of wizardry
Wands
 e - a wand of digging (32)
 f - a wand of iceblast (70)
 A - a wand of scattershot (7)
 F - a wand of acid (87)
 O - a wand of disintegration (51)
 Z - a wand of clouds (3)
Scrolls
 j - 7 scrolls of blinking
 m - 10 scrolls of fear
 o - 6 scrolls of teleportation
 w - 11 scrolls of fog
 x - 38 scrolls of remove curse
 y - 4 scrolls of holy word
 G - 9 scrolls of magic mapping
 J - 20 scrolls of identify
 M - a scroll of silence
 T - 8 scrolls of summoning
Potions
 d - 9 potions of haste
 g - 3 potions of invisibility
 i - 4 potions of cancellation
 l - 2 potions of agility
 p - a potion of ambrosia
 r - 27 potions of curing
 u - 4 potions of magic
 B - 2 potions of resistance
 D - 11 potions of brilliance
 I - 7 potions of heal wounds
 X - 4 potions of mutation
Books
 b - a manual of Bows
Miscellaneous
 h - the horn of Geryon
 s - 2 phantom mirrors
 v - a crystal ball of energy
 z - a lamp of fire
 H - a lightning rod (4/4)
Comestibles
 c - 45 rations


   Skills:
 + Level 22.3 Fighting
 - Level 12.0 Staves
 - Level 3.6 Bows
 O Level 27 Dodging
 - Level 14.0 Stealth
 - Level 4.0 Shields
 O Level 27 Spellcasting
 + Level 19.2 Conjurations
   Level 12.0 Hexes
 - Level 14.0 Charms
 - Level 5.0 Summonings
 - Level 19.0 Necromancy
 - Level 14.0 Translocations
 - Level 15.0 Transmutations
 - Level 19.0 Fire Magic
   Level 6.0 Ice Magic
 - Level 18.1 Air Magic
 + Level 14.4 Earth Magic
   Level 3.0 Poison Magic
 - Level 18.0 Evocations


You couldn't memorise any spells.
You knew the following spells:

 Your Spells              Type           Power        Failure   Level  Hunger
a - Tornado               Air            #########.   2%          9    N/A
c - Controlled Blink      Tloc           N/A          3%          8    N/A
d - Fireball              Conj/Fire      #########.   0%          5    N/A
e - Blink                 Tloc           N/A          0%          2    N/A
f - Deflect Missiles      Chrm/Air       ########..   1%          6    N/A
h - Ignition              Fire           #########.   1%          8    N/A
i - Fire Storm            Conj/Fire      #########.   1%          9    N/A
j - Regeneration          Chrm/Necr      #########.   0%          3    N/A
k - Iron Shot             Conj/Erth      #########.   0%          6    N/A
l - Borgnjor's Vile Clut  Necr/Erth      #########.   0%          5    N/A
m - Necromutation         Tmut/Necr      #########.   1%          8    N/A
n - Swiftness             Chrm/Air       ########     0%          2    N/A
o - Summon Butterflies    Summ           ########     1%          1    N/A
p - Death's Door          Chrm/Necr      #########.   1%          8    N/A

Your spell library contained the following spells:

 Spells                   Type           Power        Failure   Level  Hunger
 Chain Lightning          Conj/Air       #########.   1%          8    N/A
 Lehudib's Crystal Spear  Conj/Erth      #########.   1%          8    N/A
 Apportation              Tloc           ######       0%          1    N/A
 Beastly Appendage        Tmut           ######       0%          1    N/A
 Confusing Touch          Hex            ######       0%          1    N/A
 Corona                   Hex            #######      0%          1    N/A
 Flame Tongue             Conj/Fire      #####        0%          1    N/A
 Freeze                   Ice            ####         0%          1    N/A
 Infusion                 Chrm           ####         0%          1    N/A
 Magic Dart               Conj           ####         0%          1    N/A
 Sandblast                Erth           ######       0%          1    N/A
 Shock                    Conj/Air       ####         0%          1    N/A
 Corpse Rot               Necr           N/A          0%          2    N/A
 Ensorcelled Hibernation  Hex/Ice        ######       0%          2    N/A
 Passwall                 Tmut/Erth      ########     0%          2    N/A
 Poisonous Vapours        Pois/Air       ######       0%          2    N/A
 Searing Ray              Conj           ######       0%          2    N/A
 Shroud of Golubria       Chrm/Tloc      ########..   0%          2    N/A
 Slow                     Hex            ########     0%          2    N/A
 Song of Slaying          Chrm           ########     0%          2    N/A
 Sublimation of Blood     Necr           #########.   0%          2    N/A
 Throw Flame              Conj/Fire      ######       0%          2    N/A
 Throw Frost              Conj/Ice       ######       0%          2    N/A
 Confuse                  Hex            ########     0%          3    N/A
 Conjure Flame            Conj/Fire      ########     0%          3    N/A
 Dazzling Spray           Conj/Hex       ######       0%          3    N/A
 Gell's Gravitas          Tloc           ########..   0%          3    N/A
 Ignite Poison            Fire/Tmut/Pois ########     0%          3    N/A
 Inner Flame              Hex/Fire       ########     0%          3    N/A
 Lesser Beckoning         Tloc           ########..   0%          3    N/A
 Mephitic Cloud           Conj/Pois/Air  ########     0%          3    N/A
 Ozocubu's Armour         Chrm/Ice       ########     0%          3    N/A
 Portal Projectile        Hex/Tloc       ######       0%          3    N/A
 Recall                   Summ/Tloc      N/A          0%          3    N/A
 Spectral Weapon          Hex/Chrm       ########     0%          3    N/A
 Spider Form              Tmut/Pois      ########..   0%          3    N/A
 Stone Arrow              Conj/Erth      ######       0%          3    N/A
 Summon Guardian Golem    Hex/Summ       ########     0%          3    N/A
 Tukima's Dance           Hex            ########     0%          3    N/A
 Cause Fear               Hex            ########..   0%          4    N/A
 Force Lance              Conj/Tloc      ########     0%          4    N/A
 Fulminant Prism          Conj/Hex       ########..   0%          4    N/A
 Iskenderun's Mystic Bla  Conj           ########     0%          4    N/A
 Leda's Liquefaction      Hex/Erth       ########..   0%          4    N/A
 Passage of Golubria      Tloc           N/A          0%          4    N/A
 Petrify                  Tmut/Erth      ########     0%          4    N/A
 Sticky Flame             Conj/Fire      ########     0%          4    N/A
 Summon Lightning Spire   Summ/Air       ########     0%          4    N/A
 Bolt of Magma            Conj/Fire/Erth #########.   0%          5    N/A
 Excruciating Wounds      Chrm/Necr      #########.   0%          5    N/A
 Irradiate                Conj/Tmut      #########.   0%          5    N/A
 Lee's Rapid Deconstruct  Erth           ########..   0%          5    N/A
 Lightning Bolt           Conj/Air       #########.   0%          5    N/A
 Silence                  Hex/Air        ########..   0%          5    N/A
 Yara's Violent Unravell  Hex/Tmut       ########..   0%          5    N/A
 Bolt of Fire             Conj/Fire      #########.   0%          6    N/A
 Conjure Ball Lightning   Conj/Air       #########.   0%          6    N/A
 Summon Small Mammal      Summ           ####         1%          1    N/A
 Call Imp                 Summ           ########     1%          2    N/A
 Call Canine Familiar     Summ           ########     1%          3    N/A
 Ice Form                 Ice/Tmut       ########     1%          4    N/A
 Summon Ice Beast         Ice/Summ       ########     1%          4    N/A
 Alistair's Intoxication  Tmut/Pois      ########     1%          5    N/A
 Aura of Abjuration       Summ           ########..   1%          5    N/A
 Metabolic Englaciation   Hex/Ice        ########..   1%          5    N/A
 Summon Demon             Summ           ########..   1%          5    N/A
 Summon Forest            Summ/Tloc      ########..   1%          5    N/A
 Summon Mana Viper        Hex/Summ       ########     1%          5    N/A
 Bolt of Cold             Conj/Ice       ########..   1%          6    N/A
 Darkness                 Hex            ########..   1%          6    N/A
 Dispersal                Tloc           ########..   1%          6    N/A
 Freezing Cloud           Conj/Ice/Air   ########..   1%          6    N/A
 Hydra Form               Tmut           ########..   1%          6    N/A
 Invisibility             Hex            ########     1%          6    N/A
 Ozocubu's Refrigeration  Ice            ########..   1%          6    N/A
 Poison Arrow             Conj/Pois      ########..   1%          6    N/A
 Simulacrum               Ice/Necr       #########.   1%          6    N/A
 Statue Form              Tmut/Erth      ########.    1%          6    N/A
 Dragon Form              Tmut           ########..   1%          7    N/A
 Haunt                    Necr/Summ      #########.   1%          7    N/A
 Ring of Flames           Chrm/Fire      #########.   1%          7    N/A
 Spellforged Servitor     Conj/Summ      ########..   1%          7    N/A
 Borgnjor's Revivificati  Necr           #########.   1%          8    N/A
 Infestation              Necr           #########.   1%          8    N/A
 Malign Gateway           Summ/Tloc      ########..   2%          7    N/A
 Shadow Creatures         Summ           N/A          3%          6    N/A
 Disjunction              Tloc           ########..   3%          8    N/A
 Shatter                  Erth           ########..   11%         9    N/A
 Summon Hydra             Summ           ########..   17%         7    N/A
 Glaciate                 Conj/Ice       ########..   22%         9    N/A

Dungeon Overview and Level Annotations

Branches:
Dungeon (15/15)            Temple (1/1) D:6            Lair (6/6) D:10
  Swamp (4/4) Lair:3        Snake (4/4) Lair:2        Slime (5/5) Lair:5
    Orc (2/2) D:12            Elf (3/3) Orc:2        Vaults (5/5) D:13
  Crypt (3/3) Vaults:2       Tomb (0/3) Crypt:3      Depths (5/5) D:15
   Hell (1/1)                 Dis (0/7) Hell            Geh (0/7) Hell
    Coc (0/7) Hell            Tar (0/7) Hell            Zot (4/5) Depths:5

Altars:
Ashenzari
Cheibriados
Dithmenos
Elyvilon
Fedhas
Gozag
Hepliaklqana
Kikubaaqudgha
Makhleb
Nemelex Xobeh
Okawaru
Qazlal
Ru
Sif Muna
Trog
Uskayaw
Vehumet
Wu Jian
Xom
Yredelemnul
Zin
The Shining One
Beogh

Shops:
D:5 (?:   D:7 !   D:8 =   D:9 [   D:12 ((   Orc:1 :   Orc:2 (((   Elf:2 [
Elf:3 *   Snake:1 =}[   Vaults:4 [   Vaults:5 %!!   Depths:1 [   Depths:3 **(
Depths:5 [(}=

Portals:
Hell: Depths:1 Depths:2 Depths:3 Depths:4 Depths:5
Abyss: Depths:4 Depths:5
Pandemonium: Depths:1 Depths:3 Depths:4
Ziggurat: Depths:2

Annotations:
Elf:2 3 runed doors


Innate Abilities, Weirdness & Mutations

Your magical capacity is low. (-10% MP)
You passively map a small area around you.
You are covered in thick fur. (AC +2)
You are resistant to electric shocks. (rElec)
You expend magic power (3 MP) to strengthen your wands.


Message History

Confirm with . or Enter, or press ? or * to list all spells.
Aiming: Iron Shot (safe; 0% risk of failure)
Press: ? - help, Shift-Dir - straight line, f - blizzard demon
Aim: a blizzard demon You feel a surge of power!
The iron shot hits the blizzard demon.
You kill the blizzard demon!
Vehumet accepts your kill.
You feel your power returning.
You start resting.
A tormentor comes into view.
Casting: Iron Shot (safe; 0% risk of failure)
Confirm with . or Enter, or press ? or * to list all spells.
Aiming: Iron Shot (safe; 0% risk of failure)
Press: ? - help, Shift-Dir - straight line, f - Tzitzimitl
Aim: a Tzitzimitl You feel a surge of power!
The iron shot hits the Tzitzimitl.
The Tzitzimitl is moderately wounded.
The Tzitzimitl gestures at you.
You convulse!
You die...

......... , , , ,,
........... , , ...
#....# #2..* #### ...#
#....####'#####..##...#
#......................*
,#..................)...
#......................*
#............1.........
#.##.###'###'##L##.... *
##. #)##...##.##.## # *
.2..#.1....)).....#
..................#
#...#.....).......# ,
#.............# ,
#....)?.......# *
####.####....## , ....
,###.##


You could see a Tzitzimitl and a tormentor.

Vanquished Creatures
  Cerebov (Pan)
  the Royal Jelly (Slime:5)
  Gloorx Vloq (Pan)
  Mnoleg (Pan)
  Lom Lobon (Pan)
  5 ancient liches
  2 orbs of fire
  Mennas (Depths:5)
  Frederick (Depths:5)
  Boris (Vaults:2)
  Vashnia (Snake:2)
  3 curse toes
  4 caustic shrikes
  Xtahua (Depths:5)
  the Lernaean hydra (Swamp:4)
  Nikola (Swamp:1)
  6 golden dragons
  Geryon (Hell)
  8 bone dragons
  3 profane servitors
  16 Brimstone Fiends (Pan)
  A hellephant (Abyss:1)
  A shard shrike zombie (Crypt:3)
  Rupert (Snake:1)
  An electric golem (Zot:2)
  5 Tzitzimimeh (Pan)
  11 pandemonium lords (Pan)
  2 Ice Fiends (Pan)
  19 tentacled monstrosities
  14 Hell Sentinels
  35 acid blobs
  3 quicksilver dragons
  A deep elf master archer (Elf:3)
  2 deep elf blademasters (Elf:3)
  7 liches
  7 titans
  24 tentacled starspawn
  37 Executioners (Pan)
  4 sphinxes
  7 death cobs
  Gastronok (D:10)
  Frances (D:12)
  8 ancient champions
  Kirke (Snake:1)
  10 shadow dragons
  6 tengu reavers
  2 thorn hunters
  12 storm dragons
  19 warmongers (Pan)
  3 revenants
  18 fire giants
  15 azure jellies
  Roxanne (Snake:3)
  2 draconian monks
  9 nagarajas
  3 daevas (Abyss:1)
  2 iron dragons
  12 frost giants
  5 draconian scorchers
  14 deep elf sorcerers
  A ghost moth (Zot:2)
  An orc warlord (Vaults:4)
  8 vault wardens
  3 draconian knights
  A draconian shifter (Abyss:2)
  An angel (Pan)
  35 balrugs
  Louise (Swamp:1)
  12 black suns (Pan)
  5 deep elf elementalists
  A caustic shrike zombie (Crypt:1)
  46 cacodemons
  7 curse skulls
  5 ghouls
  6 draconian annihilators
  36 reapers
  17 ironheart preservers
  26 very ugly things
  22 stone giants
  9 green draconians
  3 war gargoyles
  15 corrupters (Pan)
  4 deep elf demonologists
  11 blood saints (Pan)
  8 vampire knights
  2 entropy weavers
  5 black draconians
  32 lorocyprocas
  9 deep elf annihilators
  5 purple draconians
  3 white draconians
  A minotaur (shapeshifter) (Vaults:5)
  7 red draconians
  6 spark wasps
  28 green deaths
  20 ettins
  30 blizzard demons
  5 yellow draconians
  4 eidola
  23 yaktaur captains
  A crystal guardian (Vaults:3)
  12 jiangshi
  8 deep elf death magi
  15 fire dragons
  10 ogre magi
  A fire dragon (shapeshifter) (Vaults:2)
  A merfolk impaler (Depths:1)
  14 great orbs of eyes
  Erolcha (D:9)
  Fannar (Lair:3)
  7 deep elf high priests
  26 vault guards
  21 rakshasas
  10 death oozes
  10 monstrous demonspawn (Pan)
  2 quicksilver dragon skeletons
  39 hydras
  23 naga warriors
  5 spriggan air magi
  17 ice dragons
  4 hell beasts (Pan)
  2 catoblepae
  A servant of whispers (Elf:1)
  A ghost crab (Swamp:3)
  8 centaur warriors
  6 death knights
  6 anacondas
  Erica (D:10)
  9 death yaks
  9 dancing weapons
  29 two-headed ogres
  14 alligators
  11 tengu warriors
  12 deep troll shamans
  9 vampire magi
  10 hell hogs
  A titan zombie (Abyss:1)
  An orc high priest (Orc:1)
  15 deep troll earth magi
  15 naga sharpshooters
  88 soul eaters
  Sonja (Lair:5)
  16 hell knights
  27 thrashing horrors
  28 deep elf knights
  17 wretched stars
  2 titan skeletons (Pan)
  98 sun demons
  A shock serpent (shapeshifter) (Vaults:5)
  11 iron trolls
  A spriggan berserker (Depths:4)
  A salamander mystic (Snake:1)
  2 shock serpents
  9 spriggans
  2 anaconda zombies
  8 shadow wraiths
  A fire crab (shapeshifter) (Depths:1)
  26 gelid demonspawn (Pan)
  11 skeletal warriors
  52 sixfirhies
  39 deep trolls
  7 flayed ghosts
  129 large abominations
  13 glowing orange brains
  12 spatial maelstroms
  34 shadow demons
  2 spriggan druids
  20 infernal demonspawn (Pan)
  A deep troll (shapeshifter) (Vaults:5)
  10 swamp dragons
  18 unseen horrors
  16 torturous demonspawn (Pan)
  19 ironbrand convokers
  71 starcursed masses
  8 wizards
  7 naga ritualists
  11 phantasmal warriors
  3 anaconda skeletons
  2 golden dragon skeletons
  18 deep elf archers
  A wolf spider zombie (D:15)
  A shadow dragon zombie (Vaults:5)
  A lindwurm (shapeshifter) (Vaults:2)
  8 harpies
  4 shambling mangroves
  10 necromancers
  2 orb spiders (shapeshifter)
  7 mana vipers
  32 ugly things
  6 orc sorcerers
  68 deep elf magi
  18 orc knights
  5 oklob plants
  5 human zombies
  An iron dragon zombie (Crypt:3)
  11 shining eyes
  21 moths of wrath
  10 cyclopes
  2 moths of wrath (shapeshifter) (Vaults:2)
  2 cyclopes (shapeshifter)
  8 salamanders
  4 manticores
  A shadow dragon skeleton (Pan)
  An iron dragon skeleton (Crypt:2)
  2 wolf spiders (Vaults:2)
  10 worldbinders
  An elephant (shapeshifter) (Vaults:3)
  3 centaur zombies
  2 dire elephant zombies (Abyss:1)
  14 elephants
  2 frost giant skeletons (Abyss:3)
  9 guardian serpents
  2 fire giant skeletons
  31 black mambas
  An apocalypse crab (Abyss:2)
  Maurice (D:10)
  3 ice statues
  3 rust devils
  A molten gargoyle (Hell)
  A torpor snail (Lair:4)
  A titan simulacrum (Vaults:3)
  7 eyes of devastation
  65 orange demons
  A spiny frog (shapeshifter) (Depths:1)
  2 stone giant skeletons
  5 spectral swamp worms (Depths:1)
  7 vault sentinels
  33 naga magi
  A centaur skeleton (D:15)
  A gargoyle (D:13)
  2 kobold demonologists (D:13)
  132 smoke demons
  14 hellions
  20 spiny frogs
  A storm dragon simulacrum (Abyss:2)
  A death yak zombie (Crypt:1)
  An alligator snapping turtle skeleton (Crypt:2)
  2 dire elephant skeletons (Pan)
  18 yaktaurs
  2 rime drakes (shapeshifter)
  A yaktaur zombie (Vaults:5)
  A sea snake zombie (Crypt:1)
  20 efreet
  7 komodo dragons
  18 ancient zymes
  7 ice devils
  53 demonic crawlers
  14 tormentors
  16 freezing wraiths
  58 hellwings
  6 rime drakes
  A harpy zombie (Crypt:2)
  3 hydra zombies (Hell)
  39 red devils
  5 human skeletons
  12 trolls
  4 tengu conjurers
  2 polar bears (shapeshifter)
  3 polar bears (Lair:6)
  A wind drake (shapeshifter) (D:15)
  22 hornets
  5 hydra skeletons
  2 jumping spiders (shapeshifter)
  11 tyrant leeches
  3 saltlings (Elf:1)
  Grinder (D:5)
  17 blink frogs
  2 harpy skeletons (Pan)
  106 slime creatures
  9 hippogriffs
  12 bog bodies
  51 raiju
  An ettin zombie (Abyss:3)
  11 dream sheep (Lair:5)
  A dream sheep (shapeshifter) (D:15)
  A hippogriff (shapeshifter) (Vaults:3)
  A fire giant simulacrum (Vaults:3)
  A dire elephant simulacrum (Abyss:1)
  2 redbacks (Vaults:4)
  An ice dragon skeleton (Pan)
  2 alligator skeletons
  9 flying skulls
  A centaur simulacrum (D:15)
  13 wraiths
  43 yaks
  8 shadows
  A vampire (D:13)
  Eustachio (D:6)
  A redback (shapeshifter) (Vaults:3)
  6 wyverns
  6 water elementals
  104 ynoxinuls
  A basilisk (shapeshifter) (Depths:1)
  2 fire dragon skeletons (Pan)
  4 fire bats (Abyss:2)
  9 fire elementals
  A yak (shapeshifter) (Depths:1)
  57 neqoxecs
  11 golden eyes
  4 basilisks
  4 hogs (Snake:1)
  The ghost of Kay the Cudgeler, an amateur DsMo (D:3)
  A tyrant leech zombie (Crypt:3)
  20 vampire mosquitoes
  A steam dragon (D:4)
  4 human simulacra
  3 hungry ghosts
  10 swamp worms
  4 insubstantial wisps
  6 wargs
  4 acid dragons
  14 spatial vortices
  67 chaos spawn
  57 nagas
  A swamp worm (shapeshifter) (D:13)
  A spiny frog zombie (Hell)
  2 floating eyes
  A faun skeleton (Crypt:2)
  A deep troll skeleton (Vaults:2)
  7 hell hounds
  7 water moccasins
  53 orc warriors
  4 porcupines
  3 sky beasts
  A hornet zombie (Crypt:2)
  A manticore zombie (Abyss:1)
  11 swamp drakes
  An ogre (shapeshifter) (Depths:1)
  An ettin simulacrum (Abyss:1)
  A sky beast (shapeshifter) (Vaults:5)
  3 black bears
  6 phantoms
  2 elf zombies
  3 ice beasts
  7 eyes of draining
  A necrophage (D:13)
  4 boggarts (Vaults:2)
  43 ogres
  11 wolves
  2 snapping turtle skeletons
  A blink frog skeleton (Crypt:1)
  8 centaurs
  A centaur (shapeshifter) (D:13)
  A hog skeleton (Crypt:1)
  4 big kobolds
  16 crocodiles
  17 bullfrogs
  4 earth elementals
  A wyvern zombie (Crypt:1)
  A water moccasin zombie (Crypt:3)
  A troll zombie (Crypt:3)
  A wyvern skeleton (D:14)
  5 scorpions
  A yak zombie (Crypt:3)
  58 small abominations
  5 killer bees (D:11)
  32 wights
  An electric eel (Lair:2)
  5 howler monkeys
  8 crimson imps
  7 quasits
  6 hounds
  A bullfrog zombie (D:13)
  5 jellies
  26 orc priests
  A basilisk skeleton (Crypt:1)
  2 bullfrog skeletons
  7 iron imps
  An iguana (D:8)
  A demonspawn skeleton (Crypt:3)
  23 orc wizards
  7 worker ants
  4 hell rats (Lair:2)
  An ogre zombie (Crypt:3)
  A deep dwarf skeleton (Crypt:1)
  An acid dragon skeleton (Crypt:1)
  A mummy (Crypt:3)
  A hound skeleton (Crypt:1)
  Robin (D:2)
  10 gnolls
  16 adders
  A river rat (Sewer)
  6 shadow imps
  A swamp drake skeleton (Crypt:3)
  5 white imps
  6 ufetubi
  2 oozes
  3 adder zombies
  3 adder skeletons
  4 worms
  11 ball lightnings (Pan)
  A barachi skeleton (Crypt:1)
  2 dart slugs
  4 leopard geckos
  125 orcs
  4 giant cockroaches
  13 goblins
  12 hobgoblins
  10 jackals
  A quokka (D:8)
  5 ball pythons
  5 bats
  2 frilled lizards
  A frilled lizard skeleton (Crypt:2)
  A jackal skeleton (Crypt:2)
  21 kobolds
  A quokka zombie (D:5)
  11 rats
  A bush (Lair:5)
  10 fire vortices
  4 fungi
  2 lurking horrors
  17 plants
  13 starspawn tentacles
4502 creatures vanquished.

Vanquished Creatures (collateral kills)
  A tentacled monstrosity (Zot:2)
  A cacodemon (Pan)
  An ironheart preserver (Vaults:5)
  A black draconian (Zot:3)
  A red draconian (Zot:2)
  A yellow draconian (Zot:1)
  A soul eater (Pan)
  A glowing orange brain (Pan)
  An anaconda simulacrum (Hell)
  A large abomination (Abyss:1)
  A chaos spawn (Pan)
  An alligator simulacrum (Hell)
  A boggart (Vaults:2)
  A swamp dragon skeleton (Crypt:2)
  A shadow imp (Abyss:1)
  A lava snake zombie (Crypt:2)
16 creatures vanquished.

Vanquished Creatures (others)
  A warmonger (Pan)
  A stone giant (Depths:1)
  A yaktaur captain (Vaults:4)
  A naga sharpshooter (Snake:2)
  An orc knight (Vaults:4)
  A deep elf mage (Elf:1)
  3 yaktaurs
  A ynoxinul (Pan)
  A spriggan (Swamp:2)
  A small abomination (Abyss:2)
  A wight (Abyss:1)
  2 white imps (Abyss:1)
  7 ball lightnings (Pan)
  A bush (Lair:6)
  319 fire vortices
  15 fungi
  5 lurking horrors
  69 plants
  19 starspawn tentacles
450 creatures vanquished.

Grand Total: 4968 creatures vanquished

Notes
Turn   | Place    | Note
-------+----------+-------------------------------------------
     0 | D:1      | delarado the Deep Elf Fire Elementalist began the quest for
                  | the Orb.
     0 | D:1      | Reached XP level 1. HP: 10/10 MP: 6/6
   449 | D:1      | Reached XP level 2. HP: 15/15 MP: 5/8
  1264 | D:2      | Reached XP level 3. HP: 19/19 MP: 5/9
  1358 | D:2      | Noticed Robin
  1514 | D:2      | Reached skill level 1 in Shields
  1851 | D:2      | Reached XP level 4. HP: 24/24 MP: 5/10
  1928 | D:2      | Killed Robin
  2030 | D:2      | Learned a level 1 spell: Magic Dart
  2694 | D:2      | Found a deep blue altar of Sif Muna.
  2841 | D:3      | Learned a level 4 spell: Sticky Flame
  2841 | D:3      | Found a glowing drain.
  2851 | Sewer    | Entered a sewer
  2866 | Sewer    | Reached XP level 5. HP: 27/28 MP: 6/11
  3150 | Sewer    | Reached skill level 5 in Fire Magic
  3721 | Sewer    | Reached XP level 6. HP: 28/32 MP: 2/12
  4186 | D:3      | Found a glowing golden altar of the Shining One.
  4193 | D:3      | Found a stormy altar of Qazlal.
  4194 | D:3      | Found a sparkling altar of Nemelex Xobeh.
  4194 | D:3      | Found a white marble altar of Elyvilon.
  4196 | D:3      | Found an ancient bone altar of Kikubaaqudgha.
  4196 | D:3      | Found a snail-covered altar of Cheibriados.
  4197 | D:3      | Found a shattered altar of Ashenzari.
  4702 | D:3      | Found a large runed door.
  4702 | D:3      | Found a large runed door.
  4899 | D:3      | Noticed Kay's ghost (amateur DsMo)
  4983 | D:4      | Noticed a steam dragon
  5034 | D:3      | Reached skill level 5 in Conjurations
  5364 | D:4      | Killed a steam dragon
  5364 | D:4      | Reached XP level 7. HP: 11/36 MP: 1/13
  6280 | D:5      | Entered Level 5 of the Dungeon
  6361 | D:5      | Found Yclixiust's Magic Scroll Emporium.
  6531 | D:5      | Bought a scroll of magic mapping for 35 gold pieces
  6531 | D:5      | Bought a scroll of identify for 20 gold pieces
  6531 | D:5      | Bought a scroll of fog for 20 gold pieces
  6531 | D:5      | Bought a scroll of identify for 20 gold pieces
  6576 | D:5      | Found Oqezo's Antique Weapon Shop.
  6743 | D:5      | Found Vodghoow's Antique Weapon Emporium.
  6782 | D:5      | Noticed Grinder
  7281 | D:6      | Reached XP level 8. HP: 41/41 MP: 9/14
  7555 | D:6      | Noticed Eustachio
  7562 | D:6      | Killed Eustachio
  7739 | D:6      | Found a staircase to the Ecumenical Temple.
  7775 | Temple   | Entered the Ecumenical Temple
  7978 | Temple   | Became a worshipper of Vehumet
  8266 | D:6      | Got a slimy hunting sling
  8267 | D:6      | Identified the +4 hunting sling of Qazlal's Condemnation
                  | {flame, rF+} (You found it on level 6 of the Dungeon)
  8636 | D:6      | Learned a level 5 spell: Fireball
  9040 | D:7      | Found Icso's Distillery.
  9048 | D:7      | Bought a potion of mutation for 96 gold pieces
  9089 | D:7      | Reached XP level 9. HP: 24/45 MP: 1/15
  9404 | D:7      | Reached skill level 10 in Fire Magic
  9594 | D:7      | Reached skill level 10 in Conjurations
 10091 | D:7      | Found a shadowy altar of Dithmenos.
 10770 | D:8      | Found Jetzumua's Jewellery Shop.
 10880 | D:8      | Reached * piety under Vehumet
 10880 | D:8      | Offered knowledge of Freeze by Vehumet.
 11274 | D:8      | Got an ebony spear
 11275 | D:8      | Identified the +7 spear "Meipyize" {holy, rElec Str+4
                  | Int-5} (You found it on level 8 of the Dungeon)
 11352 | D:8      | Reached XP level 10. HP: 50/50 MP: 17/19
 12682 | D:9      | Reached skill level 5 in Spellcasting
 12799 | D:9      | Noticed Erolcha
 13042 | D:5      | Found Cagicik's Book Shop.
 13278 | D:5      | Killed Grinder
 13530 | D:9      | Found Leudgh's Antique Armour Boutique.
 13780 | D:9      | Found a shimmering altar of Xom.
 13780 | D:9      | Found a shimmering altar of Xom.
 13781 | D:9      | Found a shimmering altar of Xom.
 13781 | D:9      | Found a shimmering altar of Xom.
 13781 | D:9      | Found a shimmering altar of Xom.
 13782 | D:9      | Found a shimmering altar of Xom.
 13782 | D:9      | Found a shimmering altar of Xom.
 13783 | D:9      | Found a shimmering altar of Xom.
 13915 | D:9      | Got a transparent robe
 13926 | D:9      | Identified the +1 robe of Lies {Regen+ Str+2 Dex-2} (You
                  | found it on level 9 of the Dungeon)
 14343 | D:9      | Noticed a shining eye
 14364 | D:10     | Entered Level 10 of the Dungeon
 14411 | D:10     | Offered knowledge of Searing Ray by Vehumet.
 14653 | D:10     | Reached ** piety under Vehumet
 14692 | D:9      | Noticed a sea snake
 14723 | D:9      | Noticed an anaconda
 14723 | D:9      | a sea snake changed into an anaconda
 14729 | D:9      | Noticed a satyr
 14729 | D:9      | an anaconda changed into a satyr
 14737 | D:9      | Noticed an ettin
 14737 | D:9      | a satyr changed into an ettin
 15251 | D:10     | Noticed Gastronok
 15317 | D:10     | Killed Gastronok
 15803 | D:10     | Noticed Maurice
 15806 | D:10     | Killed Maurice
 15806 | D:10     | Reached XP level 11. HP: 39/54 MP: 6/23
 15808 | D:10     | Got a translucent turquoise ring
 16502 | D:10     | Noticed Erica
 16506 | D:10     | Killed Erica
 16715 | D:10     | Found a staircase to the Lair.
 16720 | Lair:1   | Entered Level 1 of the Lair of Beasts
 17044 | D:11     | Offered knowledge of Throw Frost by Vehumet.
 17516 | D:11     | Identified the ring "Xefiwaoc" {MR+ Str+4 Dex+4} (You found
                  | it on level 10 of the Dungeon)
 17556 | D:11     | Noticed a brown ugly thing
 17577 | D:10     | Learned a level 3 spell: Conjure Flame
 17581 | D:10     | Learned a level 3 spell: Mephitic Cloud
 17586 | D:10     | Learned a level 4 spell: Cause Fear
 17655 | Lair:1   | Reached skill level 1 in Hexes
 18003 | Lair:1   | Reached *** piety under Vehumet
 18291 | Lair:1   | Got a bloodstained leather armour
 18313 | Lair:1   | Identified the +3 leather armour "Dirrel" {*Slow +Inv rF+
                  | Dex+5} (You found it on level 1 of the Lair of Beasts)
 19158 | Lair:2   | Noticed a death yak
 19160 | Lair:2   | Noticed a death yak
 19160 | Lair:2   | Noticed a death yak
 19169 | Lair:2   | Noticed a death yak
 19187 | Lair:1   | Killed a death yak
 19590 | Lair:1   | Offered knowledge of Ignite Poison by Vehumet.
 19912 | Lair:1   | Reached skill level 5 in Dodging
 20153 | Lair:2   | Noticed a death yak
 20476 | Lair:2   | Reached skill level 5 in Hexes
 20517 | Lair:2   | Learned a level 3 spell: Ignite Poison
 20592 | Lair:2   | Reached XP level 12. HP: 42/59 MP: 20/27
 20819 | Lair:2   | Found a staircase to the Snake Pit.
 20899 | Lair:2   | Killed a death yak
 20905 | Lair:2   | Noticed a death yak
 20909 | Lair:2   | Killed a death yak
 20909 | Lair:2   | Killed a death yak
 20909 | Lair:2   | Reached skill level 10 in Spellcasting
 21207 | Lair:2   | Reached **** piety under Vehumet
 21664 | Lair:2   | Killed a death yak
 21683 | Lair:2   | Killed a death yak
 21819 | Lair:2   | Offered knowledge of Iskenderun's Mystic Blast by Vehumet.
 22199 | Lair:3   | Noticed a five-headed hydra
 22230 | Lair:3   | Killed a five-headed hydra
 22276 | Lair:3   | Noticed Fannar
 22279 | Lair:3   | Killed Fannar
 22279 | Lair:3   | Reached skill level 1 in Poison Magic
 22607 | Lair:3   | Found a staircase to the Swamp.
 23235 | Lair:4   | Reached skill level 1 in Fighting
 23877 | Lair:5   | Noticed a seven-headed hydra
 23932 | Lair:5   | Noticed Sonja
 23939 | Lair:5   | Killed Sonja
 24011 | Lair:5   | Reached XP level 13. HP: 53/66 MP: 21/30
 24057 | Lair:5   | Found a staircase to the Slime Pits.
 25010 | Lair:5   | Reached ***** piety under Vehumet
 25013 | Lair:5   | Offered knowledge of Force Lance by Vehumet.
 25607 | Lair:6   | Entered Level 6 of the Lair of Beasts
 25759 | Lair:6   | Reached skill level 10 in Hexes
 26196 | Lair:6   | Reached skill level 10 in Dodging
 26985 | Lair:6   | Reached skill level 5 in Fighting
 27026 | Lair:6   | Reached XP level 14. HP: 74/78 MP: 24/33
 28504 | D:12     | Offered knowledge of Yara's Violent Unravelling by Vehumet.
 28924 | D:12     | Found a staircase to the Orcish Mines.
 28924 | D:12     | Found Pujap's Weapon Shop.
 28953 | D:12     | Noticed Frances
 28958 | D:12     | Killed Frances
 29315 | D:12     | Found Ydan's Antique Weapon Emporium.
 29649 | D:12     | Found a roughly hewn altar of Beogh.
 30052 | D:12     | Found Pujap's Weapon Shop.
 30054 | D:12     | Found a staircase to the Orcish Mines.
 30437 | D:12     | Found a roughly hewn altar of Beogh.
 30570 | D:12     | Found Ydan's Antique Weapon Emporium.
 30736 | D:12     | Found Pujap's Weapon Shop.
 30738 | D:12     | Found a staircase to the Orcish Mines.
 31009 | D:12     | Found a roughly hewn altar of Beogh.
 31236 | D:12     | Found Ydan's Antique Weapon Emporium.
 31635 | D:13     | Found a white marble altar of Elyvilon.
 31807 | D:13     | Got a translucent ring mail
 31843 | D:13     | Identified the +5 ring mail of Zochel {Int+4} (You found it
                  | on level 13 of the Dungeon)
 31988 | D:13     | Found a gate to the Vaults.
 32059 | D:13     | Offered knowledge of Lightning Bolt by Vehumet.
 33023 | D:5      | Bought a scroll of fog for 20 gold pieces
 33096 | D:7      | Bought a potion of cancellation for 96 gold pieces
 33137 | D:8      | Bought a cursed ring of attention for 67 gold pieces
 33588 | D:14     | Reached skill level 1 in Evocations
 34277 | D:15     | Entered Level 15 of the Dungeon
 34595 | D:15     | Reached XP level 15. HP: 84/84 MP: 26/35
 35140 | Orc:1    | Entered Level 1 of the Orcish Mines
 35206 | Orc:1    | Offered knowledge of Spellforged Servitor by Vehumet.
 35598 | Orc:1    | Found Delaxtoh's Book Shoppe.
 35823 | Orc:2    | Entered Level 2 of the Orcish Mines
 35827 | Orc:2    | Reached skill level 1 in Staves
 35912 | Orc:2    | Found a staircase to the Elven Halls.
 36243 | Orc:2    | Reached skill level 5 in Evocations
 36579 | Orc:2    | Found Apuc's Weapon Emporium.
 36580 | Orc:2    | Found Belel's Weapon Shoppe.
 36585 | Orc:2    | Found Ryluisi's Food Shop.
 36590 | Orc:2    | Found Kuaheun's Antique Weapon Emporium.
 36758 | Orc:2    | Found a roughly hewn altar of Beogh.
 37161 | D:9      | Learned a level 6 spell: Darkness
 37169 | D:9      | Killed Erolcha
 37260 | D:9      | Identified 2 scrolls of acquirement
 37266 | D:9      | Got a twitching jade ring
 37268 | D:9      | Identified the ring "Qurrom" {rF+ Int+4} (You acquired it
                  | on level 9 of the Dungeon)
 37270 | D:9      | Got a bound jade amulet
 37272 | D:9      | Identified the amulet "Aqeuric" {Acrobat MR+ Str+3} (You
                  | acquired it on level 9 of the Dungeon)
 37426 | Swamp:1  | Entered Level 1 of the Swamp
 37426 | Swamp:1  | Noticed Louise
 37437 | Swamp:1  | Killed Louise
 37752 | Swamp:1  | Offered knowledge of Ozocubu's Refrigeration by Vehumet.
 38462 | Swamp:1  | Noticed Nikola
 38476 | Swamp:1  | Killed Nikola
 39350 | Swamp:2  | Reached skill level 5 in Staves
 39630 | Swamp:2  | You are sucked into a shaft!
 39649 | Swamp:2  | Reached XP level 16. HP: 21/93 MP: 17/36
 39655 | Swamp:2  | HP: 3/93 [something (19)]
 40950 | Swamp:3  | Noticed a thorn hunter
 41497 | Swamp:3  | Offered knowledge of Bolt of Fire by Vehumet.
 41745 | Swamp:3  | Killed a thorn hunter
 42643 | Swamp:4  | Entered Level 4 of the Swamp
 43946 | Swamp:4  | Noticed a thorn hunter
 43946 | Swamp:4  | Reached skill level 15 in Dodging
 44072 | Swamp:4  | Killed a thorn hunter
 44176 | Swamp:4  | Noticed the 27-headed Lernaean hydra
 44206 | Swamp:4  | Killed the 27-headed Lernaean hydra
 44514 | Swamp:4  | Reached XP level 17. HP: 101/101 MP: 22/37
 44608 | Swamp:4  | Got a decaying rune of Zot
 44932 | Lair:2   | Learned a level 3 spell: Regeneration
 44933 | Snake:1  | Entered Level 1 of the Snake Pit
 44935 | Snake:1  | Offered knowledge of Iron Shot by Vehumet.
 44937 | Snake:1  | Noticed Rupert
 44944 | Snake:1  | Killed Rupert
 44944 | Snake:1  | Reached skill level 1 in Necromancy
 45203 | Snake:1  | Got a scorched mace
 45204 | Snake:1  | Identified the +2 mace of Cemiecinir {protect, *Contam
                  | +Blink rElec rF+} (You found it on level 1 of the Snake
                  | Pit)
 45211 | Snake:1  | Found Ciedek's Jewellery Shop.
 45213 | Snake:1  | Found Gasa's Gadget Boutique.
 45215 | Snake:1  | Found Jifo's Antique Armour Shop.
 45247 | Snake:1  | Bought an uncursed ring of poison resistance for 300 gold
                  | pieces
 45253 | Snake:1  | Bought a silken robe for 148 gold pieces
 45253 | Snake:1  | Identified the +1 robe "Zaith" {rElec Dex+2} (You bought it
                  | in a shop on level 1 of the Snake Pit)
 45271 | Snake:1  | Reached skill level 10 in Evocations
 45682 | Snake:1  | Noticed Kirke
 45685 | Snake:1  | Killed Kirke
 46285 | Snake:2  | Reached skill level 10 in Fighting
 47019 | Snake:2  | Got a warped leather armour
 47020 | Snake:2  | Identified the +1 leather armour of Mutualism {Str+3 Int+3}
                  | (You found it on level 2 of the Snake Pit)
 47219 | Snake:2  | Noticed Vashnia
 47893 | Snake:1  | Upgraded the game from 0.22.1-1-ga44c0e5 to
                  | 0.22.1-2-g9c5b331
 47905 | Snake:1  | Learned a level 6 spell: Iron Shot
 47913 | Snake:1  | Learned a level 6 spell: Deflect Missiles
 48159 | D:15     | Reached skill level 1 in Charms
 48362 | D:15     | Reached ****** piety under Vehumet
 48362 | D:15     | Reached skill level 1 in Air Magic
 48529 | D:15     | Offered knowledge of Lehudib's Crystal Spear by Vehumet.
 48529 | D:15     | Offered knowledge of Chain Lightning by Vehumet.
 48529 | D:15     | Offered knowledge of Ignition by Vehumet.
 48684 | D:15     | Found a sparkling altar of Nemelex Xobeh.
 48862 | D:15     | Found a staircase to the Depths.
 49233 | Vaults:1 | Entered Level 1 of the Vaults
 49658 | Vaults:1 | Reached skill level 5 in Charms
 50317 | Vaults:1 | Reached skill level 5 in Air Magic
 51014 | Vaults:1 | Reached XP level 18. HP: 108/108 MP: 36/38
 51983 | Vaults:1 | Reached skill level 10 in Charms
 53320 | Snake:3  | Noticed Roxanne
 53853 | Elf:1    | Entered Level 1 of the Elven Halls
 54401 | Elf:1    | Found a ruined gateway.
 55487 | Vaults:2 | Reached skill level 15 in Spellcasting
 55497 | Vaults:2 | Learned a level 8 spell: Ignition
 56012 | Vaults:2 | Reached skill level 15 in Fire Magic
 56263 | Vaults:2 | Noticed Boris
 57273 | Elf:1    | Reached skill level 5 in Stealth
 57326 | Elf:1    | Reached XP level 19. HP: 62/112 MP: 19/40
 57516 | Elf:1    | Learned a level 2 spell: Blink
 57632 | Elf:1    | Identified Bagavvo Ydech's Incunabulum of Supportive
                  | Conjuration
 58068 | Snake:4  | Entered Level 4 of the Snake Pit
 58364 | Snake:4  | Reached skill level 1 in Earth Magic
 61105 | Snake:4  | Reached skill level 10 in Staves
 61775 | Snake:4  | Got a serpentine rune of Zot
 62506 | Elf:2    | Found Mossialu's Antique Armour Boutique.
 63011 | Elf:2    | Reached skill level 5 in Earth Magic
 63386 | Elf:2    | Found a runed gate.
 63386 | Elf:2    | Found a runed gate.
 63390 | Elf:2    | Found a runed gate.
 64137 | Orc:2    | Bought a ration for 70 gold pieces
 64137 | Orc:2    | Bought a ration for 70 gold pieces
 64137 | Orc:2    | Bought a ration for 70 gold pieces
 64137 | Orc:2    | Bought a ration for 70 gold pieces
 64137 | Orc:2    | Bought a ration for 70 gold pieces
 64137 | Orc:2    | Bought a ration for 70 gold pieces
 64253 | D:8      | Bought an uncursed ring of fire for 375 gold pieces
 64674 | Vaults:3 | Reached XP level 20. HP: 117/117 MP: 37/42
 65976 | Vaults:3 | Got a slimy glaive
 65982 | Vaults:3 | Identified the +3 glaive of Income {flame, rC+ rN+ Str+4
                  | Int+4} (You found it on level 3 of the Vaults)
 68310 | Vaults:4 | Found Werhag Rien's Armour Boutique.
 70095 | Vaults:2 | Reached XP level 21. HP: 106/123 MP: 8/44
 71236 | Vaults:2 | Killed Boris
 71941 | Vaults:2 | Found a staircase to the Crypt.
 72576 | D:15     | Learned a level 5 spell: Borgnjor's Vile Clutch
 72577 | Depths:1 | Entered Level 1 of the Depths
 72703 | Depths:1 | Reached skill level 15 in Conjurations
 73022 | Depths:1 | Found a one-way gate leading to the halls of Pandemonium.
 73087 | Depths:1 | Found a gateway to Hell.
 73831 | Depths:1 | Got a bloodstained rapier {drain}
 73845 | Depths:1 | Identified the +4 rapier "Jiafas" {drain, rElec rPois
                  | Int+2} (You took it off a tengu conjurer on level 1 of the
                  | Depths)
 74296 | Depths:1 | Found Awkecet's Armour Boutique.
 74303 | Depths:1 | Bought a +1 pair of gloves of dexterity for 379 gold pieces
 74400 | Depths:1 | Reached skill level 5 in Necromancy
 75252 | Depths:2 | Found a gateway to a ziggurat.
 75870 | Depths:2 | Reached XP level 22. HP: 130/130 MP: 22/47
 76427 | Depths:3 | Found Jublet's General Store.
 76433 | Depths:3 | Reached skill level 1 in Translocations
 76989 | Depths:3 | Noticed a caustic shrike
 76994 | Depths:3 | Killed a caustic shrike
 77054 | Depths:3 | Found Atylaf's General Store.
 78086 | Depths:3 | Noticed a golden dragon
 78181 | Depths:3 | Killed a golden dragon
 78469 | Depths:3 | Learned a level 6 spell: Freezing Cloud
 78736 | Depths:3 | Found Mog Tucw's Weapon Shoppe.
 78991 | Depths:3 | Reached skill level 1 in Ice Magic
 80194 | Depths:4 | Reached skill level 5 in Translocations
 80779 | Depths:4 | Reached XP level 23. HP: 136/136 MP: 30/49
 81656 | Depths:4 | Found a one-way gate to the infinite horrors of the Abyss.
 81811 | Depths:5 | Entered Level 5 of the Depths
 81815 | Depths:5 | Noticed Frederick
 81820 | Depths:5 | Killed Frederick
 81820 | Depths:5 | Reached skill level 5 in Ice Magic
 82328 | Depths:5 | Found Bygod's Gadget Emporium.
 82328 | Depths:5 | Found Itsoulur's Weapon Shoppe.
 82329 | Depths:5 | Found Erumiewo's Jewellery Emporium.
 82333 | Depths:5 | Found Xoniged's Antique Armour Shoppe.
 82392 | Depths:5 | Noticed Xtahua
 82402 | Depths:5 | Killed Xtahua
 82669 | Depths:5 | Noticed a caustic shrike
 82671 | Depths:5 | Noticed a caustic shrike
 82672 | Depths:5 | Noticed a caustic shrike
 82954 | Depths:5 | Noticed Mennas
 83042 | Depths:3 | Bought a potion of resistance for 240 gold pieces
 83042 | Depths:3 | Bought a ration for 120 gold pieces
 83042 | Depths:3 | Bought a ration for 120 gold pieces
 83385 | D:3      | Killed Kay's ghost
 83629 | Orc:2    | Bought a ration for 70 gold pieces
 83629 | Orc:2    | Bought a ration for 70 gold pieces
 83629 | Orc:2    | Bought a ration for 70 gold pieces
 84359 | Slime:1  | Entered Level 1 of the Pits of Slime
 84364 | Slime:1  | Gained mutation: You are dopey. (Int -2) [a shining eye]
 84365 | Slime:1  | Gained mutation: Your magical capacity is low. (-10% MP) [a
                  | shining eye]
 85557 | Orc:1    | Bought a Necronomicon for 1435 gold pieces
 86805 | Slime:3  | Reached skill level 10 in Necromancy
 88344 | Slime:5  | Entered Level 5 of the Pits of Slime
 88564 | Slime:5  | Gained mutation: You are weak. (Str -2) [a shining eye]
 88724 | Slime:5  | Noticed the Royal Jelly
 89436 | Lair:2   | Lost mutation: You are dopey. (Int -2) [potion of mutation]
 89436 | Lair:2   | Lost mutation: You are weak. (Str -2) [potion of mutation]
 89436 | Lair:2   | Gained mutation: You are resistant to electric shocks.
                  | (rElec) [potion of mutation]
 89436 | Lair:2   | Gained mutation: Your mind is acute. (Int +2) [potion of
                  | mutation]
 89585 | Slime:5  | Reached XP level 24. HP: 134/142 MP: 26/44
 90137 | Slime:5  | Killed the Royal Jelly
 90348 | Slime:5  | Got a faintly glowing robe
 90384 | Slime:5  | Got a shimmering robe
 90419 | Slime:5  | Got a slimy rune of Zot
 90442 | Slime:5  | Got a shadowed robe
 90468 | Slime:5  | Identified the +2 robe of Midwinter {*Drain MR++ Int-3
                  | Dex+2} (You found it on level 5 of the Pits of Slime)
 90478 | Slime:5  | Identified the +0 robe of Vaweaq {rCorr} (You found it on
                  | level 5 of the Pits of Slime)
 90480 | Slime:5  | Identified the cursed +1 robe of the Insatiable Demons
                  | {rPois MR+} (You found it on level 5 of the Pits of Slime)
 90521 | Slime:5  | Identified the Almanac of Conjuration
 90548 | Slime:5  | Got an iridescent dagger
 90549 | Slime:5  | Identified the cursed +1 dagger of Vodka {protect, rElec
                  | rN+ Int-4} (You found it on level 5 of the Pits of Slime)
 90865 | Slime:5  | Got a pitted hand axe
 90866 | Slime:5  | Identified the +5 hand axe of the Fray {chop, *Drain Str+5
                  | Dex+2} (You found it on level 5 of the Pits of Slime)
 91205 | Elf:3    | Entered Level 3 of the Elven Halls
 91456 | Elf:3    | Reached skill level 15 in Necromancy
 91677 | Elf:3    | Found Folum's General Store.
 91685 | Elf:3    | Bought a ration for 90 gold pieces
 91685 | Elf:3    | Bought a ration for 90 gold pieces
 92717 | Elf:3    | Learned a level 9 spell: Fire Storm
 92753 | Elf:3    | Got a steaming dagger
 92754 | Elf:3    | Identified the +4 dagger of Janipit {freeze, Str+5} (You
                  | found it on level 3 of the Elven Halls)
 92846 | Elf:3    | Identified Sif Muna's Almanac of Arcane Weapons and
                  | Enhancements
 93171 | Lair:2   | Learned a level 8 spell: Necromutation
 93731 | Vaults:5 | Entered Level 5 of the Vaults
 93732 | Vaults:5 | Reached skill level 1 in Transmutations
 93732 | Vaults:5 | Reached skill level 5 in Transmutations
 93947 | Vaults:5 | Noticed an ancient lich
 93952 | Vaults:5 | Killed an ancient lich
 94153 | Vaults:5 | Reached skill level 10 in Transmutations
 94238 | Vaults:5 | Reached XP level 25. HP: 147/147 MP: 33/44
 94467 | Vaults:5 | Got a steaming ivory ring
 94790 | Vaults:5 | Noticed an ancient lich
 94792 | Vaults:5 | Killed an ancient lich
 95158 | Vaults:5 | Found Otojuivu's Distillery.
 95158 | Vaults:5 | Found Radwaw's Distillery.
 95393 | Vaults:5 | Bought a potion of brilliance for 56 gold pieces
 95393 | Vaults:5 | Bought a potion of haste for 140 gold pieces
 95393 | Vaults:5 | Bought a potion of magic for 112 gold pieces
 95393 | Vaults:5 | Bought a potion of brilliance for 56 gold pieces
 95393 | Vaults:5 | Bought a potion of heal wounds for 70 gold pieces
 95616 | Vaults:5 | Identified Sif Muna's Guide on Frigorific Attacks
 95623 | Vaults:5 | Learned a level 2 spell: Swiftness
 95629 | Vaults:5 | Identified the ring "Riasaew" {MR+ AC+5 Int+10} (You took
                  | it off a yaktaur captain on level 5 of the Vaults)
 95838 | Vaults:5 | Got a brightly glowing tin amulet
 95839 | Vaults:5 | Identified the amulet of Etierphah {Inacc *Contam rC++ rN+
                  | SInv} (You found it on level 5 of the Vaults)
 96066 | Vaults:5 | Found the +15 Maxwell's patent armour {-Cast -Tele rElec
                  | MR+ rCorr}
 96077 | Vaults:5 | Identified the Disquisition on Bewitching Stones
 96973 | Vaults:5 | Got a silver rune of Zot
 96993 | Vaults:5 | Found Ruicheleva's Food Boutique.
 97417 | Snake:3  | Killed Roxanne
 97423 | Snake:3  | Identified Roxanne's Handbook of Transformation (You took
                  | it off Roxanne on level 3 of the Snake Pit)
 97704 | Snake:2  | Killed Vashnia
 98368 | Crypt:1  | Entered Level 1 of the Crypt
100400 | Crypt:2  | Reached skill level 10 in Translocations
100402 | Crypt:2  | Noticed an ancient lich
100404 | Crypt:2  | Killed an ancient lich
100410 | Crypt:2  | Reached XP level 26. HP: 152/152 MP: 7/45
102518 | Crypt:3  | Entered Level 3 of the Crypt
102518 | Crypt:3  | Found a staircase to the Tomb.
104027 | Crypt:3  | Found a basalt altar of Yredelemnul.
104153 | Crypt:3  | Learned a level 8 spell: Controlled Blink
104569 | Crypt:3  | Noticed an ancient lich
104571 | Crypt:3  | Killed an ancient lich
104572 | Crypt:3  | Noticed an ancient lich
104575 | Crypt:3  | Killed an ancient lich
104712 | Crypt:3  | Got a serpentine wooden ring
104729 | Crypt:3  | Identified the ring "Mawkoll" {rElec rPois Int+2 SInv} (You
                  | found it on level 3 of the Crypt)
106115 | Depths:5 | Killed Mennas
106211 | Depths:5 | Found a gate to the Realm of Zot.
106250 | Zot:1    | Entered Level 1 of the Realm of Zot
106879 | Zot:1    | Reached skill level 15 in Evocations
108207 | Zot:2    | Reached XP level 27. HP: 158/158 MP: 47/47
108562 | Zot:2    | Noticed an orb of fire
108566 | Zot:2    | Killed an orb of fire
108566 | Zot:2    | Reached skill level 10 in Stealth
108745 | Zot:2    | Learned a level 1 spell: Summon Butterflies
108822 | Zot:3    | Reached skill level 1 in Summonings
110896 | Depths:4 | Voluntarily entered the Abyss.
110903 | Abyss:1  | Found a corrupted altar of Lugonu.
111494 | Abyss:1  | Found a corrupted altar of Lugonu.
111821 | Abyss:2  | Found a corrupted altar of Lugonu.
112611 | Depths:4 | Escaped the Abyss
112674 | Depths:4 | Voluntarily entered the Abyss.
112679 | Abyss:1  | Found a corrupted altar of Lugonu.
113308 | Abyss:1  | Reached skill level 5 in Summonings
113911 | Depths:4 | Escaped the Abyss
113992 | Depths:4 | Voluntarily entered the Abyss.
113998 | Abyss:1  | Found a corrupted altar of Lugonu.
114057 | Abyss:1  | Got a transparent ruby amulet
114060 | Abyss:1  | Identified the amulet of Insomnia {Reflect rF+ rN+ SH+4}
                  | (You found it on level 1 of the Abyss)
115514 | Abyss:2  | Gained mutation: You are occasionally teleported next to
                  | monsters. [a cacodemon]
115525 | Abyss:2  | Gained mutation: You are weak. (Str -2) [a neqoxec]
117221 | Abyss:3  | Got an abyssal rune of Zot
117252 | Depths:4 | Escaped the Abyss
117286 | Depths:4 | Lost mutation: You are occasionally teleported next to
                  | monsters. [potion of mutation]
117286 | Depths:4 | Lost mutation: Your mind is acute. (Int +2) [potion of
                  | mutation]
117286 | Depths:4 | Gained mutation: You tend to lose your temper in combat.
                  | [potion of mutation]
117286 | Depths:4 | Gained mutation: Armour fits poorly on your strangely
                  | shaped body. [potion of mutation]
117286 | Depths:4 | Gained mutation: You are covered in fur. (AC +1) [potion of
                  | mutation]
117296 | Depths:4 | Lost mutation: You tend to lose your temper in combat.
                  | [potion of mutation]
117296 | Depths:4 | Lost mutation: Armour fits poorly on your strangely shaped
                  | body. [potion of mutation]
117296 | Depths:4 | Lost mutation: You are weak. (Str -2) [potion of mutation]
117296 | Depths:4 | Gained mutation: You passively map a small area around you.
                  | [potion of mutation]
117296 | Depths:4 | Gained mutation: You are covered in thick fur. (AC +2)
                  | [potion of mutation]
117296 | Depths:4 | Gained mutation: You expend magic power (3 MP) to
                  | strengthen your wands. [potion of mutation]
118787 | Zot:4    | Noticed an orb of fire
118793 | Zot:4    | Killed an orb of fire
119947 | Depths:5 | Voluntarily entered the Abyss.
119948 | Abyss:1  | Found a corrupted altar of Lugonu.
119961 | Abyss:1  | Reached skill level 27 in Spellcasting
120528 | Depths:5 | Escaped the Abyss
120539 | Depths:5 | Learned a level 8 spell: Death's Door
120675 | Hell     | Entered the Vestibule of Hell
120675 | Hell     | Noticed Geryon
120678 | Hell     | Killed Geryon
121266 | Hell     | Found a gateway to the Iron City of Dis.
121379 | Hell     | Found a gateway to the decaying netherworld of Tartarus.
121505 | Hell     | Found a gateway to the ashen valley of Gehenna.
121651 | Hell     | Found a gateway to the freezing wastes of Cocytus.
121923 | Depths:4 | Voluntarily entered the Abyss.
121967 | Abyss:2  | Found a corrupted altar of Lugonu.
122754 | Abyss:4  | Found a corrupted altar of Lugonu.
123143 | Depths:4 | Escaped the Abyss
123655 | Pan      | Entered Pandemonium
123849 | Pan      | Reached skill level 10 in Air Magic
123926 | Pan      | Noticed Cosics the pandemonium lord
123930 | Pan      | Killed Cosics the pandemonium lord
125920 | Pan      | Noticed Anuweutu the pandemonium lord
125924 | Pan      | Killed Anuweutu the pandemonium lord
126035 | Pan      | Found an exit through the horrors of the Abyss.
127243 | Pan      | Reached skill level 10 in Earth Magic
127782 | Pan      | Noticed Igeynev the pandemonium lord
127786 | Pan      | Killed Igeynev the pandemonium lord
129922 | Pan      | Noticed Irexakk the pandemonium lord
130458 | Pan      | Killed Irexakk the pandemonium lord
130617 | Pan      | Found an exit through the horrors of the Abyss.
130748 | Pan      | Reached skill level 15 in Fighting
131581 | Pan      | Noticed Oties the pandemonium lord
131690 | Pan      | Killed Oties the pandemonium lord
134711 | Pan      | Noticed Qovogiuf the pandemonium lord
134715 | Pan      | Killed Qovogiuf the pandemonium lord
135238 | Pan      | Got a demonic rune of Zot
135307 | Pan      | Entered the realm of Gloorx Vloq.
137127 | Pan      | Reached skill level 15 in Air Magic
137263 | Pan      | Noticed Gloorx Vloq
137269 | Pan      | Killed Gloorx Vloq
137602 | Pan      | Got a dark rune of Zot
138078 | Pan      | Noticed Xeddoics the pandemonium lord
138086 | Pan      | Killed Xeddoics the pandemonium lord
138778 | Pan      | Identified the Catalogue of the Rocks and the Arsonist
139249 | Pan      | Found an exit through the horrors of the Abyss.
140787 | Pan      | Found an exit through the horrors of the Abyss.
141968 | Pan      | Noticed Gettumar the pandemonium lord
141973 | Pan      | Killed Gettumar the pandemonium lord
142292 | Pan      | Reached skill level 1 in Bows
142587 | Pan      | Found an exit through the horrors of the Abyss.
142822 | Pan      | Entered the realm of Mnoleg.
142822 | Pan      | Found an exit through the horrors of the Abyss.
145083 | Pan      | Noticed Mnoleg
145139 | Pan      | Killed Mnoleg
145349 | Pan      | Got a glowing rune of Zot
145687 | Pan      | Reached skill level 27 in Dodging
146001 | Pan      | Noticed Lotus the pandemonium lord
146061 | Pan      | Found an exit through the horrors of the Abyss.
146224 | Pan      | Killed Lotus the pandemonium lord
147446 | Pan      | Noticed Cawnaf the pandemonium lord
147453 | Pan      | Killed Cawnaf the pandemonium lord
147701 | Pan      | Found an exit through the horrors of the Abyss.
148854 | Depths:1 | Escaped Pandemonium
149085 | Lair:2   | Learned a level 9 spell: Tornado
149426 | Pan      | Entered the realm of Lom Lobon.
149426 | Pan      | Entered Pandemonium
150083 | Pan      | Found an exit through the horrors of the Abyss.
151476 | Pan      | Noticed Lom Lobon
152023 | Pan      | Killed Lom Lobon
152247 | Pan      | Got a magical rune of Zot
153117 | Pan      | Got a pitted fustibalus
153118 | Pan      | Identified the +4 fustibalus "Uweo" {flame, rElec} (You
                  | found it in Pandemonium)
153378 | Pan      | Found an exit through the horrors of the Abyss.
153931 | Pan      | Got a pitted tin ring
154042 | Pan      | Found an exit through the horrors of the Abyss.
154900 | Pan      | Reached skill level 15 in Transmutations
155206 | Pan      | Found an exit through the horrors of the Abyss.
155573 | Pan      | Noticed Ywawn the pandemonium lord
155575 | Pan      | Killed Ywawn the pandemonium lord
156009 | Pan      | Entered the realm of Cerebov.
156009 | Pan      | Noticed Cerebov
156763 | Pan      | Identified the ring of Fazxao {+Fly rElec rPois rF+ rN+}
                  | (You took it off a corrupter in Pandemonium)
157392 | Pan      | Got a vibrating platinum ring
157472 | Pan      | Identified the cursed ring "Sep Xucs" {rN+ Int-4} (You took
                  | it off a balrug in Pandemonium)
157622 | Pan      | Identified Kainerie's Guide on Supportive Protection
157637 | Pan      | Identified the Collected Works on Congealing Companions
158285 | Pan      | Got a fiery rune of Zot
158336 | Pan      | Killed Cerebov
159304 | Pan      | Noticed Bimpeff the pandemonium lord
160250 | Pan      | Killed from afar by a Tzitzimitl

Skill      XL: |  1  2  3  4  5  6  7  8  9 10 11 12 13 14 15 16 17 18 19 20 21 22 23 24 25 26 27 |
---------------+----------------------------------------------------------------------------------+-----
Conjurations   | 2 3 4 5 7 9 10 12 13 14 15 16 17 19 | 19.2
Fire Magic     | 4 5 6 7 9 11 12 13 14 16 17 18 19 | 19.0
Shields        | 1 3 4 |  4.0
Spellcasting   | 4 7 9 11 13 14 15 16 17 19 20 21 23 27 | 27.0
Hexes          | 5 8 11 12 | 12.0
Dodging        | 5 8 10 12 13 15 16 17 18 27 | 27.0
Poison Magic   | 2 3 |  3.0
Fighting       | 2 5 6 8 9 10 11 12 22 | 22.3
Evocations     | 2 7 9 10 11 13 14 15 18 | 18.0
Staves         | 5 8 9 10 12 | 12.0
Necromancy     | 4 6 8 13 17 19 | 19.0
Charms         | 8 11 14 | 14.0
Air Magic      | 5 8 18 | 18.1
Stealth        | 5 8 9 14 | 14.0
Earth Magic    | 5 6 14 | 14.4
Translocations | 5 8 10 14 | 14.0
Ice Magic      | 3 6 |  6.0
Transmutations | 10 13 15 | 15.0
Summonings     | 5 |  5.0
Bows           | 3 |  3.6

Action                   |  1- 3 |  4- 6 |  7- 9 | 10-12 | 13-15 | 16-18 | 19-21 | 22-24 | 25-27 || total
-------------------------+-------+-------+-------+-------+-------+-------+-------+-------+-------++-------
Melee: Short sword       |     1 |    12 |    29 |       |       |       |       |       |       ||    42
       Staff             |       |       |       |       |   156 |   121 |    95 |    22 |  3841 ||  4235
 Fire: Hunting sling     |       |       |    79 |   147 |       |       |       |       |       ||   226
       Blowgun           |       |       |       |    17 |       |       |       |       |       ||    17
Throw: Stone             |    13 |    16 |     2 |       |       |       |       |       |     2 ||    33
 Cast: Flame Tongue      |    68 |    39 |    12 |    38 |     6 |       |     2 |       |       ||   165
       Magic Dart        |       |    89 |   143 |   187 |   193 |    55 |    99 |     7 |   130 ||   903
       Sticky Flame      |       |     9 |    35 |   103 |   115 |    87 |    69 |    13 |     9 ||   440
       Fireball          |       |       |     7 |    82 |   330 |   449 |   426 |   412 |   392 ||  2098
       Cause Fear        |       |       |       |     4 |    11 |     6 |       |     2 |     1 ||    24
       Ignite Poison     |       |       |       |    16 |    24 |       |       |       |       ||    40
       Mephitic Cloud    |       |       |       |    12 |    35 |       |       |       |       ||    47
       Darkness          |       |       |       |       |     2 |     2 |     1 |       |       ||     5
       Iron Shot         |       |       |       |       |       |    57 |   122 |    80 |  1155 ||  1414
       Deflect Missiles  |       |       |       |       |       |     3 |     6 |     1 |     9 ||    19
       Ignition          |       |       |       |       |       |    14 |    38 |    35 |    33 ||   120
       Regeneration      |       |       |       |       |       |       |     1 |       |     2 ||     3
       Blink             |       |       |       |       |       |       |     2 |    18 |    14 ||    34
       Borgnjor's Vile C |       |       |       |       |       |       |    36 |    34 |   376 ||   446
       Freezing Cloud    |       |       |       |       |       |       |       |    23 |       ||    23
       Fire Storm        |       |       |       |       |       |       |       |     6 |   309 ||   315
       Necromutation     |       |       |       |       |       |       |       |     2 |   717 ||   719
       Swiftness         |       |       |       |       |       |       |       |       |     4 ||     4
       Tornado           |       |       |       |       |       |       |       |       |     5 ||     5
       Summon Butterflie |       |       |       |       |       |       |       |       |     2 ||     2
       Controlled Blink  |       |       |       |       |       |       |       |       |     2 ||     2
 Abil: Stop Flying       |       |       |       |     1 |       |     1 |       |     2 |     7 ||    11
       Evoke Flight      |       |       |       |       |     1 |       |       |     2 |     7 ||    10
       End Transformatio |       |       |       |       |       |       |       |       |    10 ||    10
Evoke: Wand              |       |       |       |     9 |    13 |    30 |     4 |    12 |    19 ||    87
       Crystal ball of e |       |       |       |       |       |    25 |    18 |    19 |    21 ||    83
       Box of beasts     |       |       |       |       |       |       |     1 |       |       ||     1
       Phantom mirror    |       |       |       |       |       |       |       |       |     2 ||     2
  Use: Potion            |     3 |     1 |       |     3 |     3 |    10 |     3 |    18 |    16 ||    57
       Scroll            |       |     6 |     8 |    18 |    15 |    14 |     9 |    22 |    49 ||   141
 Stab: Distracted        |       |       |       |       |       |       |       |       |    44 ||    44
  Eat: Chunk             |     2 |     3 |     6 |    12 |    29 |    14 |    27 |     8 |     1 ||   102
       Ration            |       |     3 |     6 |    14 |    11 |    17 |    15 |    16 |    10 ||    92
Armor: Robe              |       |     7 |       |    29 |    87 |    70 |    30 |    24 |   462 ||   709
       Steam dragon scal |       |       |    41 |    42 |       |       |       |       |       ||    83
Dodge: Dodged            |    13 |    32 |    53 |   114 |   327 |   391 |   180 |   136 |  3730 ||  4976
       Deflected         |       |       |       |       |       |    13 |    54 |    25 |    76 ||   168
Block: Buckler           |       |       |       |     3 |   119 |   123 |    65 |    34 |  1424 ||  1768
       Reflection        |       |       |       |       |       |    14 |    14 |     8 |    20 ||    56
